 Dungeon Crawl Stone Soup version 0.29-a0-559-g359e09b9d1 (webtiles) character file.

Game seed: 7550850072725857938

53 zeratav the Stinger (level 3, 0/21 HPs)
             Began as an Octopode Venom Mage on June 9, 2022.
             Slain by an adder (4 damage)
             ... on level 3 of the Dungeon.
             The game lasted 00:01:56 (1756 turns).

zeratav the Stinger (Octopode Venom Mage)           Turns: 1756, Time: 00:01:57

Health: 0/21       AC:  1    Str:  7    XL:     3   Next: 87%
Magic:  3/7        EV: 13    Int: 19    God:
Gold:   152        SH:  0    Dex: 12    Spells: 6/7 levels left

rFire   . . .      SeeInvis .   d - +0 dagger {short}
rCold   . . .      Faith    .   (no shield)
rNeg    . . .      Spirit   .   (helmet restricted)
rPois   .          Reflect  .   (no amulet)
rElec   .          Harm     .   (no ring)
rCorr   .          Rampage  .   (no ring)
Will    .....                   (no ring)
Stlth   +++.......              (no ring)
HPRegen 0.07/turn               (no ring)
MPRegen 0.10/turn               (no ring)
                                (no ring)
                                (no ring)

@: lethally poisoned (0 -> -4)
A: almost no armour, amphibious, 8 rings, camouflage 1, gelatinous body 1,
(nimble swimmer 1), tentacles
a: no special abilities


You were on level 3 of the Dungeon.
You visited 1 branch of the dungeon, and saw 3 of its levels.

You collected 152 gold pieces.


Innate Abilities, Weirdness & Mutations

You cannot wear most types of armour.
You are amphibious.
You can wear up to eight rings at the same time.
Your skin changes colour to match your surroundings (Stealth+).
Your rubbery body absorbs attacks. (AC +1, EV +1)
((You are camouflaged when in or above water. (Stealth+)))
You have tentacles for arms and can constrict up to eight enemies at once.


   Skills:
 - Level 2.0 Dodging
 - Level 2.6 Stealth
 + Level 2.6 Spellcasting
 - Level 1.0 Transmutations
 * Level 5.1 Poison Magic


You had 6 spell levels left.
You knew the following spells:

 Your Spells              Type           Power      Damage    Failure   Level
a - Sting                 Tmut/Pois      56%        1d5       4%          1

Your spell library contained the following spells:

 Spells                   Type           Power      Damage    Failure   Level
 Poisonous Vapours        Pois/Air       24%        N/A       9%          2
 Olgreb's Toxic Radiance  Pois           21%        N/A       19%         4
 Mephitic Cloud           Conj/Pois/Air  9%         N/A       24%         3

Inventory:

Hand Weapons
 d - a +0 dagger (weapon) {short}
   (You took it off a kobold on level 1 of the Dungeon)
Scrolls
 b - 3 scrolls of identify {unknown}
 e - a scroll of poison {unknown}
 g - a scroll of teleportation {unknown}
 i - a scroll of enchant weapon {unknown}
 k - a scroll of enchant armour {unknown}
Potions
 a - 4 potions of magic
 c - a potion of cancellation {unknown}
 f - 2 potions of invisibility {unknown}
 h - a potion of degeneration {unknown}
 j - a potion of berserk rage {unknown}

Dungeon Overview and Level Annotations

Branches:
Dungeon (3/15)

Altars:

Shops:
D:1 : D:2

( .# ##.# .... . ....
.... #. #..# ....
#..####.=##......
............#..#.#
#....>............####
#....S@.............# #
#..##.#.####........#.#
....###.###........#.[
#.# ##..............
##.###.####.......#
#.#.#####.......#
#......#.......#
#..###.####.#####.
#..#..............


You could see an adder (very poisoned).


Message History

No target in view!
No target in view!
No target in view!
No target in view!
No target in view!
No target in view!
HP[+2] MP[+1]
Your hp is fully restored (21).
Your mp is fully restored (7).
You hit the rat. You grab the rat. You squeeze the rat.
You kill the rat!
No target in view!
No target in view!
No target in view!
No target in view!
No target in view!
No target in view!
No target in view!
No target in view!
No target in view!
No target in view!
No target in view!
No target in view!
You now have 152 gold pieces (gained 8).
An adder comes into view.
Found a stone staircase leading down.
An adder is nearby!
The adder hisses angrily.
You hit the adder but do no damage. Your grab misses the adder.
The adder bites you. x2
You are poisoned.
The adder poisons you!
HP[-4]
You take 4 damage, and now have 17/21 hp.
You miss the adder. Your grab misses the adder.
You feel sick. The adder closely misses you.
HP[-1]
You take 1 damage, and now have 16/21 hp.
You hit the adder but do no damage. Your grab misses the adder.
You feel sick. The adder bites you.
HP[-4]
You take 4 damage, and now have 12/21 hp.
You are too injured to fight recklessly!
You are too injured to fight recklessly!
You are too injured to fight recklessly!
You are too injured to fight recklessly!
You are too injured to fight recklessly!
You are too injured to fight recklessly!
You are too injured to fight recklessly!
You are too injured to fight recklessly!
You are too injured to fight recklessly!
You are too injured to fight recklessly!
You are too injured to fight recklessly!
You are too injured to fight recklessly!
You are too injured to fight recklessly!
You are too injured to fight recklessly!
Casting: Sting (safe; 4% risk of failure)
Confirm with . or Enter, or press ? or * to list all spells.
Aiming: Sting (safe; 4% risk of failure)
Press: ? - help, Shift-Dir - straight line, f - adder
Aim: an adder (53% to hit)
The sting misses the adder.
You feel sick. The adder barely misses you. The adder bites you.
* * * LOW HITPOINT WARNING * * *
HP[-3] MP[-1]
You take 3 damage, and now have 9/21 hp.
You lost 1 mp, and now have 6/7 mp.
Casting: Sting (safe; 4% risk of failure)
Confirm with . or Enter, or press ? or * to list all spells.
Aiming: Sting (safe; 4% risk of failure)
Press: ? - help, Shift-Dir - straight line, f/p - adder
Aim: an adder (53% to hit)
The sting hits the adder.
The adder is poisoned.
You feel sick.
You are no longer poisoned.
The adder bites you.
* * * LOW HITPOINT WARNING * * *
You are lethally poisoned!
The adder poisons you!
HP[-2] MP[-1]
You take 2 damage, and now have 7/21 hp.
You lost 1 mp, and now have 5/7 mp.
Casting: Sting (safe; 4% risk of failure)
Confirm with . or Enter, or press ? or * to list all spells.
Aiming: Sting (safe; 4% risk of failure)
Press: ? - help, Shift-Dir - straight line, f/p - adder
Aim: an adder (moderately wounded, poisoned, 53% to hit)
The sting misses the adder.
* * * LOW HITPOINT WARNING * * *
You feel sick. The adder misses you.
HP[-2] MP[-1]
You take 2 damage, and now have 5/21 hp.
You lost 1 mp, and now have 4/7 mp.
Casting: Sting (safe; 4% risk of failure)
Confirm with . or Enter, or press ? or * to list all spells.
Aiming: Sting (safe; 4% risk of failure)
Press: ? - help, Shift-Dir - straight line, f/p - adder
Aim: an adder (heavily wounded, poisoned, 53% to hit)
The sting hits the adder.
The adder looks even sicker.
* * * LOW HITPOINT WARNING * * *
You feel sick. The adder bites you but does no damage. The adder bites you.
You die...

Skill      XL: |  1  2  3 |
---------------+----------+-----
Poison Magic   | 4 5 |  5.1
Dodging        | |  2.0
Stealth        | |  2.6
Spellcasting   | |  2.6
Transmutations | |  1.0

Action                   || total
-------------------------++-------
Melee: Unarmed           ||     4
       Constrict         ||    13
       Dagger            ||    45
       Tentacles         ||     8
       Spear             ||     1
 Cast: Sting             ||    28
 Stab: Sleeping          ||     9
Armor: Skin              ||     5
Dodge: Dodged            ||    32

Levels and vault maps discovered:
D:1:      psy_arrival_whirlpool, layout_rooms,
          shapermc_ecumenical_altar_mp_vishouse, serial_shops,
          nicolae_shop_crystal
D:2:      layout_rooms, serial_shops, shop, minmay_tetromino_t2
D:3:      layout_loops_ring, grunt_temple_overflow_opulence, zin_academy,
          chequers_serial_rivers_small_b, minmay_misc_feat_more_columns,
          serial_bayou_crossing

Notes
Turn   | Place    | Note
-------+----------+-------------------------------------------
     0 | D:1      | zeratav the Octopode Venom Mage began the quest for the
                  | Orb.
     0 | D:1      | Reached XP level 1. HP: 11/11 MP: 3/3
     0 | D:1      | magus.rc [v1.9.6]
    75 | D:1      | Reached skill level 4 in Poison Magic
   246 | D:1      | Reached XP level 2. HP: 17/17 MP: 1/5
   439 | D:1      | Reached XP level 3. HP: 11/21 MP: 4/6
   589 | D:1      | Found Pyvap's Book Shoppe.
   861 | D:1      | Found a faded altar of an unknown god.
  1059 | D:2      | Found Xexkifem's Weapon Shop.
  1178 | D:2      | Reached skill level 5 in Poison Magic
  1755 | D:3      | HP: 5/21 [poisoned by an adder]
  1756 | D:3      | Slain by an adder

Vanquished Creatures
  A gnoll (D:1)
  2 worms
  A dart slug (D:1)
  An orc (D:2)
  4 endoplasms (D:1)
  A giant cockroach (D:2)
  3 goblins (D:1)
  3 hobgoblins
  2 quokkas
  5 ball pythons (D:1)
  2 bats (D:2)
  A frilled lizard (D:1)
  A kobold (D:1)
  8 rats
35 creatures vanquished.

Table legend:
 A = Non-vault XP
 B = Vault XP
 C = Vault XP percentage of total XP
 D = Non-vault monster count
 E = Vault monster count
 F = Vault count percentage of total count
                 A         B        C        D         E       F
            +---------+---------+-------+---------+---------+-------
      Total |      76 |       0 |   0.0 |      35 |       0 |   0.0
            +---------+---------+-------+---------+---------+-------
        D:1 |      49 |       0 |   0.0 |      21 |       0 |   0.0
        D:2 |      21 |       0 |   0.0 |      12 |       0 |   0.0
        D:3 |       6 |       0 |   0.0 |       2 |       0 |   0.0
            +---------+---------+-------+---------+---------+-------

Illustrated notes

Table legend:
 A = Kills in this place as a percentage of kills in entire the game.
 B = Kills by you in this place as a percentage of kills by you in the entire game.
 C = Kills by friends in this place as a percentage of kills by friends in the entire game.
 D = Other kills in this place as a percentage of other kills in the entire game.
 E = Experience gained in this place as a percentage of experience gained in the entire game.
 F = Experience gained in this place divided by the number of levels of this place that you have seen.
                   A       B       C       D       E      F
               +-------+-------+-------+-------+-------+----------------------
         Total | 100.0 | 100.0 |   N/A |   N/A | 100.0 |  25.3
       Dungeon | 100.0 | 100.0 |   N/A |   N/A | 100.0 |  25.3
               +-------+-------+-------+-------+-------+----------------------

Table legend: (Time is in decaauts)
 A = Elapsed time spent in this place.
 B = Non-inter-level travel time spent in this place.
 C = Inter-level travel time spent in this place.
 D = Time resting spent in this place.
 E = Time spent auto-exploring this place.
 F = Levels seen in this place.
 G = Mean time per level.
                   A        B        C        D        E       F      G
               +--------+--------+--------+--------+--------+-----+--------+
         Total |   1754 |   1717 |     37 |     39 |   1449 |   3 |  584.7 |
       Dungeon |   1754 |   1717 |     37 |     39 |   1449 |   3 |  584.7 |
               +--------+--------+--------+--------+--------+-----+--------+

Top non-repeatable levels by time:
     D:1: 1024 daAuts
     D:2: 662 daAuts
     D:3: 67 daAuts
